 Dungeon Crawl Stone Soup version 0.25.1-8-g42b30a86e7 (webtiles) character file.

Game seed: 8520368832823555432

7704 hehateme the Protected (level 11, -3/89 HPs)
             Began as a Human Fighter on Dec 9, 2020.
             Was an Initiate of Gozag.
             Slain by a red ugly thing (18 damage)
             ... on level 10 of the Dungeon.
             The game lasted 00:37:14 (15506 turns).

hehateme the Protected (Human Fighter)             Turns: 15506, Time: 00:37:14

Health: -3/89      AC: 17    Str: 20    XL:     11   Next: 42%
Magic:  11/11      EV:  5    Int:  8    God:    Gozag
Gold:   1340       SH: 11    Dex: 13    Spells: 10/10 levels left

rFire    . . .     SeeInvis .   i - +0 broad axe
rCold    . . .     Gourm    .   c - +0 kite shield
rNeg     . . .     Faith    .   L - +0 plate armour
rPois    .         Spirit   .   w - +0 helmet
rElec    .         Reflect  .   (no cloak)
rCorr    .         Harm     .   (no gloves)
MR       .....                  l - +0 pair of boots
Stlth    ..........             (no amulet)
HPRegen  0.24/turn              (no ring)
MPRegen  0.12/turn              (no ring)

@: no status effects
A: no striking features
a: Potion Petition, Call Merchant, Bribe Branch, Renounce Religion


You were on level 10 of the Dungeon.
You worshipped Gozag.
Gozag was most pleased with you.
You were not hungry.

You visited 2 branches of the dungeon, and saw 12 of its levels.

You collected 1635 gold pieces.
You spent 221 gold pieces at shops.
You paid 74 gold pieces to Gozag.

Inventory:

Hand Weapons
 a - a +1 flail
 g - a +4 dagger of venom
 i - a +0 broad axe (weapon)
 J - a +0 vorpal hand crossbow
Missiles
 h - 23 bolts
 m - 22 poisoned darts (quivered)
 o - 341 stones
 v - 8 boomerangs
 C - 49 sling bullets
 H - 5 javelins
 Q - 104 arrows
Armour
 b - a +0 scale mail
 c - a +0 kite shield (worn)
 l - a +0 pair of boots (worn)
 n - a +1 chain mail
 w - a +0 helmet (worn)
 L - a +0 plate armour (worn)
Jewellery
 G - an uncursed ring of ice {rC+, rF-}
 I - an uncursed ring of protection from cold
Wands
 f - a wand of flame (11)
 u - a wand of polymorph (8)
 D - a wand of digging (7)
 K - a wand of paralysis (5)
Scrolls
 j - 2 scrolls of amnesia
 p - 3 scrolls of remove curse
 r - 2 scrolls of noise {!r}
 t - a scroll of teleportation
 x - a scroll of enchant armour
 y - a scroll of enchant weapon
Potions
 d - 2 potions of degeneration {!q}
 k - 2 potions of stabbing
 q - 2 potions of curing
 s - a potion of magic
 z - 3 potions of flight
 A - a potion of brilliance
 B - a potion of haste {unknown}
 E - a potion of lignification {unknown}
 F - a potion of cancellation {unknown}
Comestibles
 e - 16 rations


   Skills:
 - Level 9.2 Fighting
 * Level 7.7(7.9) Axes
 - Level 2.0(5.2) Maces & Flails
 - Level 9.2 Armour
 - Level 2.2 Stealth
 - Level 9.2 Shields


You had 10 spell levels left.
You didn't know any spells.
Your spell library contained the following spells:

 Spells                   Type           Power        Failure   Level  Hunger
 Corona                   Hex            #......      100%        1    ##.....
 Magic Dart               Conj           #...         100%        1    ##.....
 Shock                    Conj/Air       #...         100%        1    ##.....
 Ensorcelled Hibernation  Hex/Ice        #.....       100%        2    ###....
 Poisonous Vapours        Pois/Air       #.....       100%        2    ###....
 Searing Ray              Conj           #.....       100%        2    ###....
 Swiftness                Chrm/Air       #.......     100%        2    ###....
 Confusing Touch          Hex            #.......     100%        3    ####...
 Conjure Flame            Conj/Fire      #.......     100%        3    ####...
 Dazzling Flash           Conj/Hex       #.....       100%        3    ####...
 Mephitic Cloud           Conj/Pois/Air  #.......     100%        3    ####...
 Static Discharge         Conj/Air       #.......     100%        3    ####...
 Tukima's Dance           Hex            #.......     100%        3    ####...
 Airstrike                Air            #.........   100%        4    #####..
 Fulminant Prism          Conj/Hex       #.........   100%        4    #####..
 Iskenderun's Mystic Bla  Conj/Tloc      #.......     100%        4    #####..
 Lightning Bolt           Conj/Air       #.........   100%        5    ######.
 Freezing Cloud           Conj/Ice/Air   #.........   100%        6    #######
 Ring of Flames           Chrm/Fire      #.........   100%        7    #######


Dungeon Overview and Level Annotations

Branches:
Dungeon (11/15)            Temple (1/1) D:5             Orc (0/2) D:10
   Lair: D:8-11

Altars:
Cheibriados
Gozag
Hepliaklqana
Kikubaaqudgha
Makhleb
Nemelex Xobeh
Okawaru
Qazlal
Ru
Sif Muna
Trog
Uskayaw
Vehumet
Wu Jian
Xom
Yredelemnul
Zin

Shops:
D:8 *   D:10 (

Annotations:
D:2 1 runed translucent door, Crazy Yiuf
D:5 exclusion: downstairs


Message History

You take 19 damage, and have 29/89 hp.
GAME OVER YEAH!!
You closely miss the red ugly thing.
The red ugly thing tail-slaps you but does no damage.
You slash the red ugly thing! The red ugly thing tail-slaps you.
* * * LOW HITPOINT WARNING * * *
You are engulfed in flames!
* * * LOW HITPOINT WARNING * * *
The red ugly thing tail-slaps you but does no damage.
You take 19 damage, and have 11/89 hp.
GAME OVER YEAH!!
You feel better.
The red ugly thing tail-slaps you but does no damage.
You regained 6 hp, and now have 17/89 hp.
You closely miss the red ugly thing. You block the red ugly thing's attack.
You hit the red ugly thing. The red ugly thing tail-slaps you.
* * * LOW HITPOINT WARNING * * *
You are engulfed in flames!!
You die...
Your body crumbles into a pile of gold.

##...##.##)#
#######'###'#.##)#
...#...#####...#.#
.....8.......8.#.########
####...#####...#........#
#############........#
#........########
#......$u#
#########.......@#
...............[)########
........................#
###..####...............#
#..# #........########
#..# #........# #..#
#...)....# #..#
#.......^#
###..####........########

Skill      XL: |  1  2  3  4  5  6  7  8  9 10 11 |
---------------+----------------------------------+-----
Fighting       | 4 5 6 8 9 |  9.2
Armour         | 4 5 6 8 9 |  9.2
Shields        | 4 5 6 7 9 |  9.2
Stealth        | 1 2 |  2.2
Axes           | 3 7 |  7.7
Maces & Flails | |  2.0

Notes
Turn   | Place    | Note
-------+----------+-------------------------------------------
     0 | D:1      | hehateme the Human Fighter began the quest for the Orb.
     0 | D:1      | Reached XP level 1. HP: 18/18 MP: 1/1
   106 | D:1      | Reached XP level 2. HP: 16/24 MP: 2/2
   546 | D:1      | Reached XP level 3. HP: 29/29 MP: 3/3
  1097 | D:2      | Noticed Terence
  1108 | D:2      | Killed Terence
  1108 | D:2      | Reached XP level 4. HP: 37/37 MP: 4/4
  1173 | D:2      | Found a burning altar of Makhleb.
  1202 | D:2      | Found a runed translucent door.
  1203 | D:2      | Noticed Crazy Yiuf
  1330 | D:2      | Reached XP level 5. HP: 42/42 MP: 5/5
  1415 | D:2      | Reached skill level 4 in Fighting
  1415 | D:2      | Reached skill level 4 in Armour
  1415 | D:2      | Reached skill level 4 in Shields
  2591 | D:3      | HP: 9/42 [poisoned by an orc]
  2897 | D:3      | Reached skill level 1 in Stealth
  2897 | D:3      | Reached XP level 6. HP: 38/48 MP: 6/6
  3433 | D:3      | Reached skill level 2 in Stealth
  4371 | D:4      | Noticed an ogre
  4378 | D:4      | Killed an ogre
  4378 | D:4      | Reached XP level 7. HP: 42/55 MP: 7/7
  4782 | D:4      | Found a sparkling altar of Nemelex Xobeh.
  4925 | D:4      | Reached skill level 5 in Armour
  5157 | D:4      | Reached skill level 5 in Fighting
  5157 | D:4      | Reached skill level 5 in Shields
  5543 | D:5      | Entered Level 5 of the Dungeon
  5568 | D:5      | Reached XP level 8. HP: 48/63 MP: 8/8
  5667 | D:5      | Found a hazy altar of Hepliaklqana.
  5673 | D:5      | Found a hide-covered altar of Uskayaw.
  5674 | D:5      | Found a shimmering blue altar of Sif Muna.
  5700 | D:5      | Found a staircase to the Ecumenical Temple.
  5736 | D:5      | Found a stormy altar of Qazlal.
  5771 | Temple   | Entered the Ecumenical Temple
  5781 | Temple   | Became a worshipper of Gozag Ym Sagoz the Greedy
  6100 | D:5      | Found an iron altar of Okawaru.
  6219 | D:5      | Found a sacrificial altar of Ru.
  6264 | D:5      | Reached skill level 6 in Armour
  6270 | D:5      | Reached skill level 6 in Fighting
  6270 | D:5      | Reached skill level 6 in Shields
  7680 | D:6      | Reached XP level 9. HP: 65/71 MP: 9/9
  8328 | D:6      | Reached skill level 7 in Armour
  8476 | D:6      | Reached skill level 7 in Fighting
  8496 | D:6      | HP: 9/72 [orc warrior/+2 glaive of pain (10)]
  8762 | D:5      | Reached skill level 7 in Shields
  8851 | D:6      | Found a snail-covered altar of Cheibriados.
  9626 | D:7      | Noticed a hippogriff
 10423 | D:8      | Found Milous's Changing Room.
 10839 | D:8      | Reached skill level 8 in Fighting
 10839 | D:8      | Reached skill level 8 in Armour
 11058 | D:8      | Reached XP level 10. HP: 79/80 MP: 10/10
 11112 | D:8      | Found a radiant altar of Vehumet.
 11112 | D:8      | Found a glowing silver altar of Zin.
 11180 | D:8      | Reached skill level 8 in Shields
 11690 | D:9      | Found an ornate altar of the Wu Jian Council.
 12402 | D:9      | Noticed a tengu warrior
 12436 | D:9      | HP: 10/82 [tengu warrior/+1 great sword (17)]
 12443 | D:9      | Killed a tengu warrior
 12866 | D:10     | Entered Level 10 of the Dungeon
 12866 | D:10     | Noticed Joseph
 12881 | D:10     | Killed Joseph
 12881 | D:10     | Reached skill level 9 in Fighting
 12881 | D:10     | Reached skill level 9 in Armour
 12881 | D:10     | Reached skill level 9 in Shields
 13485 | D:10     | Found a staircase to the Orcish Mines.
 13503 | D:10     | Reached skill level 1 in Axes
 13656 | D:10     | Reached skill level 2 in Axes
 13924 | D:10     | HP: 15/83 [phantom (6)]
 13927 | D:10     | Reached skill level 3 in Axes
 13928 | D:10     | Reached XP level 11. HP: 36/89 MP: 11/11
 14249 | D:10     | Reached skill level 4 in Axes
 14270 | D:10     | Reached skill level 5 in Axes
 14494 | D:10     | Noticed Snorg
 14508 | D:10     | Killed Snorg
 14508 | D:10     | Reached skill level 6 in Axes
 14527 | D:11     | Noticed a red ugly thing
 14794 | D:10     | Reached skill level 7 in Axes
 14834 | D:10     | Found Heibb's Antique Weapon Boutique.
 15072 | D:10     | Bought a runed hand crossbow for 221 gold pieces
 15488 | D:11     | Noticed an orc knight
 15503 | D:10     | HP: 11/89 [red ugly thing (16)]
 15506 | D:10     | Slain by a red ugly thing

Table legend:
 A = Turns spent in this place as a percentage of turns spent in the entire game.
 B = Non-inter-level travel turns spent in this place as a percentage of non-inter-level travel turns spent in the entire game.
 C = Inter-level travel turns spent in this place as a percentage of turns spent in this place.
 D = Turns resting spent in this place as a percentage of non-inter-level travel turns spent in this place.
 E = Turns spent auto-exploring this place as a percentage of non-inter-level travel turns spent in this place.
 F = Non-inter-level travel turns spent in this place divided by the number of levels of this place that you've seen.
                   A       B       C       D       E      F
               +-------+-------+-------+-------+-------+----------------------
         Total | 100.0 | 100.0 |   5.6 |  20.3 |  57.6 | 1220.3
       Dungeon |  99.9 |  99.9 |   5.5 |  20.4 |  57.6 | 1330.2
        Temple |   0.1 |   0.1 |  40.0 |   0.0 |  41.7 |  12.0
               +-------+-------+-------+-------+-------+----------------------

Table legend:
 A = Kills in this place as a percentage of kills in entire the game.
 B = Kills by you in this place as a percentage of kills by you in the entire game.
 C = Kills by friends in this place as a percentage of kills by friends in the entire game.
 D = Other kills in this place as a percentage of other kills in the entire game.
 E = Experience gained in this place as a percentage of experience gained in the entire game.
 F = Experience gained in this place divided by the number of levels of this place that you have seen.
                   A       B       C       D       E      F
               +-------+-------+-------+-------+-------+----------------------
         Total | 100.0 | 100.0 |   N/A |   N/A | 100.0 | 917.2
       Dungeon | 100.0 | 100.0 |   N/A |   N/A | 100.0 | 1000.6
               +-------+-------+-------+-------+-------+----------------------

Action                   |  1- 3 |  4- 6 |  7- 9 | 10-12 || total
-------------------------+-------+-------+-------+-------++-------
Melee: Flail             |    70 |   240 |    80 |       ||   390
       Dagger            |       |    34 |   396 |   225 ||   655
       Broad axe         |       |       |       |   250 ||   250
Throw: Stone             |    27 |    81 |    16 |       ||   124
       Dart              |       |       |    48 |    39 ||    87
Evoke: Wand              |       |       |     1 |     6 ||     7
  Use: Scroll            |       |     5 |     6 |     8 ||    19
       Potion            |       |     1 |     3 |     3 ||     7
 Stab: Paralysed         |       |       |       |    10 ||    10
       Distracted        |       |       |       |     2 ||     2
  Eat: Chunk             |     1 |    11 |     4 |       ||    16
       Ration            |       |       |     5 |     5 ||    10
Armor: Scale mail        |    12 |       |       |       ||    12
       Chain mail        |    19 |   151 |   184 |   232 ||   586
       Plate armour      |       |       |       |     9 ||     9
Dodge: Dodged            |    13 |    46 |    76 |    96 ||   231
Block: Kite shield       |    33 |   164 |   237 |   301 ||   735

Vanquished Creatures
  Snorg (D:10)
  A tengu warrior (D:9)
  Joseph (D:10)
  A troll (D:8)
  A wyvern (D:8)
  A wraith (D:10)
  A human (D:10)
  4 hogs (D:10)
  A water moccasin (D:5)
  6 orc warriors
  A black bear (D:6)
  An ice beast (D:10)
  A sky beast (D:5)
  An eye of draining (D:10)
  3 phantoms
  6 ogres
  2 centaurs
  4 bullfrogs
  A water moccasin zombie (D:4)
  3 scorpions
  10 wights
  5 howler monkeys
  2 crimson imps
  3 hounds
  2 bullfrog zombies
  A jelly (D:5)
  8 orc priests
  15 orc wizards
  2 bullfrog skeletons
  3 centaur skeletons
  Terence (D:2)
  3 iguanas
  8 worker ants
  A hound zombie (D:7)
  A worker ant zombie (D:10)
  9 adders
  8 gnolls
  2 river rats (D:4)
  A shadow imp (D:10)
  An ooze (D:1)
  An adder zombie (D:10)
  An adder skeleton (D:4)
  2 worms
  2 dart slugs
  6 leopard geckos
  60 orcs
  A ball python (D:6)
  8 bats
  7 giant cockroaches
  8 goblins
  11 hobgoblins
  17 jackals
  6 kobolds
  3 quokkas
  12 frilled lizards
  A leopard gecko zombie (D:8)
  A quokka skeleton (D:4)
  9 rats
283 creatures vanquished. You could see a red ugly thing.

Levels and vault maps discovered:
D:1:      dpeg_arrival_concentric_ovals, layout_loops_ring, solitary_fountain
D:2:      layout_basic, minivault_14, makhleb_heckhound_becter,
          uniq_crazy_yiuf_cottage, uniq_terence
D:3:      layout_basic
D:4:      layout_loops_ring, lemuel_doored_altar, first_ration,
          portal_sewer_entry_e
D:5:      layout_gridville, nicolae_ru_awakened_eye, okawaru_altar_gauntlet_db,
          nicolae_overflow_hidden_temple, minmay_temple_entry_fiery,
          nicolae_qazlal_general_emergency
D:6:      layout_cave_pools, basic_altar, hex_large,
          chequers_serial_rivers_micro_a
D:7:      layout_gridville
D:8:      layout_basic, chequers_temple_overflow_statue_of_worship,
          nicolae_transmutations_shop
D:9:      layout_loops_ring, lemuel_round_altar
D:10:     layout_small_grid, hiddenorc2_lemuel, serial_shops, shop,
          grunt_livestock, uniq_joseph, uniq_snorg
D:11:     minmay_opposing_rooms, layout_basic, dpeg_lair_monsters,
          portal_ice_cave_entry_pillars_2, serial_shops, shop
Temple:   dshaligram_water_room_temple
